 Dungeon Crawl Stone Soup version 0.21.1-1-g345015f (webtiles) character file.

22 iamserjio the Ducker (level 2, -1/21 HPs)
             Began as an Octopode Monk on Apr 6, 2018.
             Killed by nerve-wracking pain
             ... invoked by Jessica
              (10 damage)
             ... on level 2 of the Dungeon.
             The game lasted 00:02:15 (999 turns).

iamserjio the Ducker (Octopode Monk)                 Turns: 999, Time: 00:02:15

Health: -1/21      AC:  1    Str: 10    XL:     2   Next: 91%
Magic:  2/2        EV: 14    Int: 12    God:
Gold:   41         SH:  0    Dex: 14    Spells: 1/1 levels left

rFire    . . .     SeeInvis .   a - +0 short sword
rCold    . . .     Gourm    .   (no shield)
rNeg     . . .     Faith    .   (helmet restricted)
rPois    .         Spirit   .   (no amulet)
rElec    .         Reflect  .   (no ring)
rCorr    .         Harm     .   (no ring)
MR       .....                  (no ring)
Stlth    +++.......             (no ring)
HPRegen  0.07/turn              (no ring)
MPRegen  0.08/turn              (no ring)
                                (no ring)
                                (no ring)

@: no status effects
A: almost no armour, stealthy swim, amphibious, 8 rings, constrict 8, camouflage
1, gelatinous body 1
a: no special abilities


You were on level 2 of the Dungeon.
You were not hungry.

You visited 1 branch of the dungeon, and saw 2 of its levels.

You collected 41 gold pieces.

Inventory:

Hand Weapons
 a - a +0 short sword (weapon)
Jewellery
 f - an uncursed ring of protection from cold {unknown}
Scrolls
 e - 4 scrolls of identify {unknown}
 g - 3 scrolls of enchant weapon {unknown}
 h - a scroll of random uselessness {unknown}
 j - 4 scrolls of remove curse {unknown}
 k - a scroll of amnesia {unknown}
 n - a scroll of noise {unknown}
Potions
 c - a potion of resistance {unknown}
 d - a potion of brilliance {unknown}
 i - a potion of might {unknown}
 m - 2 potions of cancellation {unknown}
 o - a potion of curing {unknown}
Comestibles
 b - a ration
 l - 2 chunks of flesh


   Skills:
 + Level 3.2 Fighting
 - Level 3.0 Short Blades
 * Level 3.5 Dodging
 + Level 3.2 Stealth


You had one spell level left.
You didn't know any spells.

Dungeon Overview and Level Annotations

Branches:
Dungeon (2/15)

Altars:

Annotations:
D:2 Jessica


Innate Abilities, Weirdness & Mutations

You cannot wear most types of armour.
You are very stealthy in the water. (Stealth+)
You are amphibious.
You can wear up to eight rings at the same time.
You can use your tentacles to constrict eight enemies at once.
Your skin changes colour to match your surroundings (Stealth+).
Your rubbery body absorbs attacks. (AC +1, EV +1)


Message History

You squeeze the goblin, but do no damage.
You constrict the goblin. The goblin closely misses you.
You hit the goblin.
You kill the goblin!
The bat hits you but does no damage. The bat completely misses you.
Items here: $ ) †† a club; 9 gold pieces; a goblin corpse; a bat corpse You barely miss Jessica.
Your grab misses Jessica. Your squeeze misses Jessica.
Jessica mumbles some strange words.
Jessica blinks!
The bat barely misses you. The hobgoblin hits you with a club.
Jessica zaps a wand.
You resist with significant effort.
It is a wand of polymorph (8).
You hit the hobgoblin. Your grab misses the hobgoblin.
The hobgoblin is moderately wounded.
The hobgoblin hits you with a club. Jessica gestures at you while chanting.
Pain shoots through your body!
You die...

..... ....# ....# #
.. ....#.#
...#####...@.
...........#
......bg...# #
#@#####.# #)#.....#
... #.#.#####
....##.#.#########
...................
...................
J....##.#.########.
.....##.#'##
###........#


You could see Jessica, a hobgoblin and a bat.

Vanquished Creatures
  A leopard gecko (D:1)
  3 giant cockroaches (D:1)
  4 goblins
  2 hobgoblins
  6 bats
  A frilled lizard (D:1)
  A kobold (D:1)
  2 rats (D:1)
20 creatures vanquished.

Notes
Turn   | Place    | Note
-------+----------+-------------------------------------------
     0 | D:1      | iamserjio the Octopode Monk began the quest for the Orb.
     0 | D:1      | Reached XP level 1. HP: 16/16 MP: 1/1
   238 | D:1      | Reached XP level 2. HP: 18/21 MP: 2/2
   992 | D:2      | Noticed Jessica
   999 | D:2      | Killed from afar by Jessica

Skill      XL: |  1 |
---------------+----+-----
Stealth        | 3 |  3.2
Fighting       | |  3.2
Short Blades   | |  3.0
Dodging        | |  3.5

Action                   || total
-------------------------++-------
Melee: Short sword       ||    39
       Tentacles         ||     7
       Constrict         ||    10
 Stab: Sleeping          ||     5
Armor: Skin              ||     5
Dodge: Dodged            ||    33
